 Dungeon Crawl Stone Soup version 0.29.0-7-g18a832c13a (webtiles) character file.

Game seed: 1629207247032783706

1884 sanka the Cleaver (level 8, -5/66 HPs)
             Began as a Minotaur Monk on Aug 31, 2022.
             Slain by a gnoll
             ... wielding a +0 halberd
             ... led by a gnoll bouda
              (9 damage)
             ... on level 6 of the Dungeon.
             The game lasted 00:07:31 (8187 turns).

sanka the Cleaver (Minotaur Monk)                   Turns: 8187, Time: 00:07:31

Health: -5/66      AC:  8    Str: 19    XL:     8   Next: 92%
Magic:  7/7        EV:  8    Int:  7    God:
Gold:   246        SH:  0    Dex: 12    Spells: 7/7 levels left

rFire   . . .      SeeInvis .   a - +0 war axe
rCold   + . .      Faith    .   (no shield)
rNeg    . . .      Spirit   .   c - +0 chain mail
rPois   .          Reflect  .   (helmet restricted)
rElec   .          Harm     .   (no cloak)
rCorr   .          Rampage  .   (no gloves)
Will    .....                   (no boots)
Stlth   ..........              (no amulet)
HPRegen 0.21/turn               (no ring)
MPRegen 0.10/turn               y - ring of protection from cold

@: no status effects
A: horns 2, retaliatory headbutt
a: no special abilities


You were on level 6 of the Dungeon.
You visited 1 branch of the dungeon, and saw 6 of its levels.

You collected 246 gold pieces.


Innate Abilities, Weirdness & Mutations

You have a pair of horns on your head.
You reflexively headbutt those who attack you in melee.


   Skills:
 + Level 4.0 Fighting
 * Level 13.7 Axes
 + Level 1.4 Armour
 + Level 3.6 Dodging
 - Level 1.5 Stealth


You had 7 spell levels left.
You didn't know any spells.
Your spell library contained the following spells:

 Spells                   Type           Power      Damage    Failure   Level
 Necrotise                Necr           0%         1d4       99%         1
 Blink                    Tloc           0%         N/A       100%        2
 Static Discharge         Conj/Air       0%         3-3/arc   100%        2
 Confusing Touch          Hex            0%         N/A       100%        3
 Conjure Flame            Conj/Fire      0%         6-21      100%        3
 Lesser Beckoning         Tloc           0%         N/A       100%        3
 Vampiric Draining        Necr           0%         2d6       100%        3
 Agony                    Necr           0%         N/A       100%        5
 Lightning Bolt           Conj/Air       0%         1d11      100%        5
 Yara's Violent Unravell  Hex/Tmut       0%         3d3       100%        5
 Enfeeble                 Hex            0%         N/A       100%        7
 Malign Gateway           Summ/Tloc      0%         N/A       100%        7
 Maxwell's Capacitive Co  Air            0%         ∞         100%        8

Inventory:

Hand Weapons
 a - a +0 war axe (weapon)
 A - a +2 hand axe of distortion
Missiles
 g - 6 curare-tipped darts (quivered) {=f}
 u - a throwing net {=f}
Armour
 c - a +0 chain mail (worn)
 x - a +0 pair of gloves
Magical Staves
 v - a staff of earth
Jewellery
 y - a ring of protection from cold (right hand)
Scrolls
 b - 2 scrolls of teleportation {unknown}
 d - 2 scrolls of blinking {unknown}
 h - 2 scrolls of fog {unknown}
 l - 3 scrolls of identify {unknown}
 n - 3 scrolls of immolation {unknown}
 p - a scroll of noise {unknown}
 q - 2 scrolls of torment {unknown}
 r - a scroll of summoning {unknown}
 s - a scroll of silence {unknown}
 t - a scroll of enchant weapon {unknown}
 B - a scroll of enchant armour {unknown}
Potions
 e - 4 potions of mutation {unknown}
 f - a potion of curing {unknown}
 i - a potion of might
 j - a potion of attraction {unknown}
 k - 4 potions of brilliance {unknown}
 m - a potion of ambrosia
 o - 2 potions of haste {@q3}
 w - 3 potions of heal wounds {unknown}
 z - a potion of magic {unknown}

Dungeon Overview and Level Annotations

Branches:
Dungeon (6/15)
 Temple: D:4-7

Altars:
Dithmenos
Sif Muna

Shops:
D:4 :

Annotations:
D:6 WhatIsLove's ghost, novice HOMo

....▒▒▒.<..▒ ▒......▒▒▒▒...▒
.....▒▒....▒▒▒.....▒▒▒▒....▒
.▒▒....÷.)▒▒▒..............▒▒▒
..........▒▒.................▒▒
....▒.....▒▒............▒.....▒
..........▒▒...........▒▒▒....▒
..................▒▒.....▒▒▒▒▒▒
...............))▒▒▒▒....▒
................H)g.▒▒▒..▒
.[<......▒▒▒....g.....▒▒▒▒
.........▒ ▒...........▒
........▒▒ ▒.......▒▒..▒
.......©...........▒▒...▒
.▒▒▒▒▒▒▒▒▒▒▒▒▒.........▒.g ▒▒▒▒
yy..▒ ▒▒▒.....▒..▒.▒.▒ ▒▒..
...▒..y▒▒▒...▒.5.. g g.
▒..▒..▒▒▒..▒..▒▒...▒....▒ . ▒


You could see a hornet and 2 gnolls.


Message History

The gnoll hits you from afar with a +0 halberd.
Unknown command.
You barely miss the gnoll.
The gnoll is moderately wounded.
The gnoll hits you with a +0 flail of protection!
The gnoll hits you from afar with a +3 spear!
* * * LOW HITPOINT WARNING * * *
The gnoll hits you from afar with a +0 halberd.
* * * LOW HITPOINT WARNING * * *
Unknown command.
You barely miss the gnoll. You headbutt the gnoll!
You kill the gnoll!
The gnoll misses you.
Unknown command.
The gnoll hits you with a +0 halberd.
* * * LOW HITPOINT WARNING * * *
The gnoll barely misses you.
Unknown command.
You closely miss the gnoll. The gnoll hits you with a +0 halberd!
* * * LOW HITPOINT WARNING * * *
The gnoll hits you from afar with a +3 spear!
* * * LOW HITPOINT WARNING * * *
Unknown command.
You hit the gnoll. You headbutt the gnoll.
The gnoll is severely wounded.
The gnoll hits you with a +0 halberd!
You die...

Action                   |  1- 3 |  4- 6 |  7- 9 || total
-------------------------+-------+-------+-------++-------
Melee: Hand axe          |    66 |     2 |       ||    68
       Headbutt          |    13 |    20 |    33 ||    66
       War axe           |       |   126 |   162 ||   288
       Punch             |       |       |     2 ||     2
Throw: Dart              |       |     5 |     2 ||     7
  Use: Potion            |     1 |       |     1 ||     2
 Stab: Sleeping          |     1 |       |       ||     1
Armor: Ring mail         |     7 |       |       ||     7
       Chain mail        |    18 |    67 |    80 ||   165
Dodge: Dodged            |    35 |    51 |    69 ||   155

Levels and vault maps discovered:
D:1:      mrwooster_arrival_statue_2, layout_loops_corners,
          chequers_ecumenical_altar_grove
D:2:      layout_basic, basic_altar, uniq_sigmund
D:3:      layout_loops_ring, minmay_circle_x, uniq_terence
D:4:      layout_cave_pods, nicolae_dithmenos_through_a_glass_darkly,
          serial_shops, shop, uniq_natasha
D:5:      layout_cave_pools
D:6:      layout_cave_pools, minmay_temple_entry_sparse_star,
          gammafunk_ghost_hive, uniq_menkaure

Notes
Turn   | Place    | Note
-------+----------+-------------------------------------------
     0 | D:1      | sanka the Minotaur Monk began the quest for the Orb.
     0 | D:1      | Reached XP level 1. HP: 19/19 MP: 0/0
   156 | D:2      | Reached skill level 4 in Axes
   177 | D:2      | Reached XP level 2. HP: 20/26 MP: 1/1
   267 | D:2      | Noticed Sigmund
   409 | D:3      | Noticed Terence
   424 | D:3      | Killed Terence
   425 | D:3      | Reached skill level 5 in Axes
   425 | D:3      | Reached XP level 3. HP: 15/31 MP: 2/2
   933 | D:3      | Noticed a phantom
   951 | D:3      | Killed a phantom
   952 | D:3      | Reached skill level 6 in Axes
   952 | D:3      | Reached XP level 4. HP: 20/39 MP: 3/3
  1150 | D:3      | Reached skill level 7 in Axes
  1150 | D:3      | Reached XP level 5. HP: 27/45 MP: 4/4
  1726 | D:3      | Noticed an ogre
  2209 | D:1      | Got the Omnibus of the Quantum Inferno
  2604 | D:1      | Found a faded altar of an unknown god.
  2856 | D:2      | Found a shimmering blue altar of Sif Muna.
  2953 | D:2      | Reached skill level 8 in Axes
  3126 | D:2      | Killed Sigmund
  3127 | D:2      | Reached XP level 6. HP: 44/51 MP: 5/5
  3374 | D:4      | Reached skill level 9 in Axes
  3521 | D:4      | Reached XP level 7. HP: 27/57 MP: 6/6
  3732 | D:4      | Reached skill level 10 in Axes
  3803 | D:4      | Identified the +5 sling "Neum" {flame, *Slow rC+ Int+5}
  4083 | D:4      | Found a shadowy altar of Dithmenos.
  4085 | D:4      | Noticed Natasha
  4094 | D:4      | Killed Natasha
  4274 | D:4      | Noticed Natasha
  4289 | D:4      | Killed Natasha
  4596 | D:4      | Noticed Natasha
  4603 | D:4      | Killed Natasha
  4680 | D:4      | Found Naiqigga's Book Boutique.
  4767 | D:4      | Found Naiqigga's Book Boutique.
  5081 | D:4      | Found a shadowy altar of Dithmenos.
  6097 | D:3      | Reached skill level 11 in Axes
  6164 | D:5      | Entered Level 5 of the Dungeon
  6507 | D:5      | Reached XP level 8. HP: 13/64 MP: 7/7
  6514 | D:5      | Reached skill level 12 in Axes
  7251 | D:5      | Reached skill level 13 in Axes
  7840 | D:6      | Noticed a hornet
  7857 | D:6      | Noticed WhatIsLove's ghost (novice HOMo)
  7945 | D:6      | Noticed Menkaure
  7957 | D:6      | Killed Menkaure
  7958 | D:6      | Reached skill level 1 in Armour
  8171 | D:6      | Reached skill level 4 in Fighting
  8186 | D:6      | HP: 4/66 [gnoll/+3 spear[a gnoll bouda] (7)]
  8187 | D:6      | Slain by a gnoll

Vanquished Creatures
  Sigmund (D:2)
  Menkaure (D:6)
  A black bear (D:5)
  3 ogres
  3 phantoms
  A necrophage (D:5)
  2 scorpions (D:4)
  A howler monkey (D:5)
  2 hounds (D:6)
  A gnoll bouda (D:6)
  A jelly (D:6)
  4 orc priests (D:5)
  3 iguanas
  Natasha (thrice) (D:4)
  Terence (D:3)
  3 orc wizards
  10 gnolls
  15 adders
  A white imp (D:4)
  4 ufetubi
  A worm (D:2)
  2 dart slugs
  12 orcs
  12 ball pythons
  3 endoplasms (D:3)
  3 giant cockroaches
  7 goblins
  9 hobgoblins
  6 quokkas
  4 bats
  4 frilled lizards
  6 kobolds
  6 rats
136 creatures vanquished.
